 Dungeon Crawl Stone Soup version 0.21.0-3-g78d12a8 (webtiles) character file.

688 Inkary the Carver (level 7, -2/57 HPs)
             Began as a Hill Orc Fighter on Jan 13, 2018.
             Was an Initiate of Okawaru.
             Slain by a killer bee (7 damage)
             ... on level 6 of the Dungeon.
             The game lasted 00:05:26 (3731 turns).

Inkary the Carver (Hill Orc Fighter)                Turns: 3731, Time: 00:05:27

Health: -2/57      AC:  6    Str: 21    XL:     7   Next: 63%
Magic:  7/7        EV:  7    Int:  8    God:    Okawaru [......]
Gold:   290        SH:  9    Dex: 10    Spells: 6/6 levels left

rFire    . . .     SeeInvis .   a - +0 long sword
rCold    . . .     Gourm    .   c - +0 shield
rNeg     . . .     Faith    .   b - +0 scale mail
rPois    .         Spirit   .   (helmet restricted)
rElec    .         Reflect  .   (no cloak)
rCorr    .         Harm     .   (no gloves)
MR       .....                  (no boots)
Stlth    ..........             (no amulet)
HPRegen  0.19/turn              (no ring)
MPRegen  0.10/turn              (no ring)

@: lethally poisoned (-2 -> -3)
A: antennae 1, evolution 1
a: Renounce Religion


You were on level 6 of the Dungeon.
You worshipped Okawaru.
Okawaru was noncommittal.
You were not hungry.

You visited 1 branch of the dungeon, and saw 6 of its levels.

You collected 290 gold pieces.

Inventory:

Hand Weapons
 a - a +0 long sword (weapon)
Missiles
 n - 2 throwing nets (quivered)
Armour
 b - a +0 scale mail (worn)
 c - a +0 shield (worn)
 u - a +0 helmet
Jewellery
 v - an uncursed amulet of harm {unknown}
Scrolls
 h - 2 scrolls of noise {unknown}
 i - 9 scrolls of identify {unknown}
 j - 6 scrolls of teleportation {unknown}
 k - a scroll of fog {unknown}
 l - 2 scrolls of remove curse
 o - 2 scrolls of magic mapping
 p - a scroll of enchant weapon {unknown}
 w - a scroll of random uselessness {unknown}
Potions
 d - a potion of might
 g - 2 potions of mutation
 m - a potion of heal wounds {unknown}
 q - a potion of ambrosia {unknown}
 r - a potion of degeneration {unknown}
 s - a potion of berserk rage {unknown}
 t - a potion of cancellation
Comestibles
 f - 6 rations
 x - 2 chunks of flesh


   Skills:
 - Level 3.6 Fighting
 + Level 9.2 Long Blades
 - Level 3.2 Armour
 - Level 3.2 Shields


You had 6 spell levels left.
You didn't know any spells.

Dungeon Overview and Level Annotations

Branches:
Dungeon (6/15)             Temple (0/1) D:4

Altars:
Dithmenos
Elyvilon
Gozag
Okawaru
Sif Muna
Trog
Uskayaw
Xom


Innate Abilities, Weirdness & Mutations

You have a pair of small antennae on your head.
You evolve.


Message History

The killer bee stings you but does no damage.
You closely miss the killer bee.
The killer bee is heavily wounded.
You block the killer bee's attack. x2
You slash the killer bee!
You kill the killer bee!
Okawaru accepts your kill. You block the killer bee's attack.
You miss the killer bee.
The killer bee stings you but does no damage.
The killer bee stings you.
* * * LOW HITPOINT WARNING * * *
You are poisoned.
The killer bee poisons you!
It was a potion of cancellation.
Your magical effects are unravelling.
You feel magically purged.
You feel a little less mighty now.
You feel sick. The killer bee stings you!
You die...

######### # #.......#
.. #.......#### #.#
###.###......##
#...##.............#
#.y@.#.##.....#..#
#...####.###b#..#..#
#.# #............ ..
####.......###.# #
..#####)#####.# ###
#.#####)))....#
.....##.#.....#######
#..........#
#.#####....######


You could see a killer bee.

Vanquished Creatures
  An ogre (D:6)
  A phantom (D:5)
  A centaur (D:5)
  A bullfrog (D:6)
  2 killer bees (D:6)
  3 orc wizards
  An iguana (D:4)
  2 worker ants
  A hound skeleton (D:4)
  3 adders
  A worm (D:3)
  A dart slug (D:1)
  2 leopard geckos
  8 orcs
  4 giant cockroaches
  7 goblins
  9 hobgoblins
  5 jackals
  2 quokkas (D:3)
  2 ball pythons (D:3)
  7 bats
  3 frilled lizards
  8 kobolds
  7 rats
82 creatures vanquished.

Notes
Turn   | Place    | Note
-------+----------+-------------------------------------------
     0 | D:1      | Inkary the Hill Orc Fighter began the quest for the Orb.
     0 | D:1      | Reached XP level 1. HP: 19/19 MP: 1/1
   108 | D:1      | Reached XP level 2. HP: 26/26 MP: 2/2
   111 | D:1      | Reached skill level 3 in Long Blades
   312 | D:1      | Reached XP level 3. HP: 21/31 MP: 3/3
   471 | D:1      | Reached skill level 4 in Long Blades
   749 | D:2      | Found a shimmering altar of Xom.
  1117 | D:3      | Reached XP level 4. HP: 39/39 MP: 4/4
  1120 | D:3      | Found a shadowy altar of Dithmenos.
  1198 | D:3      | Found a hide-covered altar of Uskayaw.
  1245 | D:3      | Reached skill level 5 in Long Blades
  1685 | D:3      | Reached XP level 5. HP: 45/45 MP: 5/5
  1744 | D:3      | Found a deep blue altar of Sif Muna.
  1931 | D:4      | Reached skill level 6 in Long Blades
  1978 | D:4      | Found an opulent altar of Gozag.
  1978 | D:4      | Found a white marble altar of Elyvilon.
  1981 | D:4      | Found a bloodstained altar of Trog.
  2320 | D:4      | Found a staircase to the Ecumenical Temple.
  2478 | D:4      | Reached XP level 6. HP: 21/51 MP: 6/6
  2915 | D:5      | Entered Level 5 of the Dungeon
  3069 | D:5      | Noticed a phantom
  3129 | D:5      | Killed a phantom
  3129 | D:5      | Reached skill level 7 in Long Blades
  3469 | D:5      | Found an iron altar of Okawaru.
  3480 | D:5      | Became a worshipper of Warmaster Okawaru
  3551 | D:6      | Reached skill level 8 in Long Blades
  3551 | D:6      | Reached XP level 7. HP: 57/57 MP: 7/7
  3705 | D:6      | Reached skill level 9 in Long Blades
  3721 | D:6      | Gained mutation: You have a pair of small antennae on your head. [potion of mutation]
  3721 | D:6      | Gained mutation: You evolve. [potion of mutation]
  3731 | D:6      | Slain by a killer bee

Skill      XL: |  1  2  3  4  5  6  7 |
---------------+----------------------+-----
Long Blades    | 3 4 5 6 8 9 |  9.2
Fighting       | |  3.6
Armour         | |  3.2
Shields        | |  3.2

Action                   |  1- 3 |  4- 6 |  7- 9 || total
-------------------------+-------+-------+-------++-------
Melee: Long sword        |   123 |   194 |    40 ||   357
  Use: Scroll            |       |     2 |       ||     2
       Potion            |       |       |     6 ||     6
  Eat: Chunk             |     1 |     4 |     1 ||     6
       Ration            |       |     1 |       ||     1
Armor: Scale mail        |    64 |    86 |    15 ||   165
Dodge: Dodged            |    44 |    56 |    17 ||   117
Block: Shield            |    68 |    82 |    23 ||   173
       Rpst.: Long sword |    17 |    17 |     4 ||    38
